 Dungeon Crawl Stone Soup version 0.31.0-11-ge490571c62 (webtiles) character file.

Game seed: 266419699620819649

361 qw the Skirmisher (level 6, -3/35 HPs)
             Began as a Deep Elf Hunter on Feb 3, 2024.
             Slain by a phantom (7 damage)
             ... on level 3 of the Dungeon.
             The game lasted 00:00:10 (2897 turns).

qw the Skirmisher (Deep Elf Hunter)                 Turns: 2897, Time: 00:00:10

Health: -3/35      AC:  5    Str: 10    XL:     6   Next: 38%
Magic:  8/8        EV: 11    Int: 14    God:
Gold:   162        SH:  0    Dex: 18    Spells: 5/5 levels left

rFire   . . .        a - +1 shortbow (drain)
rCold   . . .        (shield currently unavailable)
rNeg    . . .        h - +0 ring mail
rPois   .            (no helmet)
rElec   .            (no cloak)
rCorr   .            (no gloves)
SInv    .            (no boots)
Will    .....        (no amulet)
Stlth   +            (no ring)
HPRegen 0.25/turn    (no ring)
MPRegen 0.11/turn

%: no passive effects
@: no status effects
A: no striking features
a: no special abilities


You were on level 3 of the Dungeon.
You visited 1 branch of the dungeon, and saw 4 of its levels.

You collected 162 gold pieces.


   Skills:
 - Level 2.0 Fighting
 + Level 9.9 Ranged Weapons
 - Level 2.4 Dodging
 - Level 1.2 Stealth


You had 5 spell levels left.
You didn't know any spells.
Your spell library was empty.

Inventory:

Hand Weapons
 a - a +1 shortbow of draining (weapon)
Armour
 h - a +0 ring mail (worn)
Potions
 g - 2 potions of resistance
 j - a potion of mutation {unknown}
 m - a potion of might

Dungeon Overview and Level Annotations

Branches:
Dungeon (4/15)
 Temple: D:4-7

Altars:
Dithmenos


Message History

You shoot an arrow.
The arrow hits the phantom but does no damage.
The phantom is moderately damaged.
The phantom hits you.
The phantom blinks!
You blink.
The phantom completely misses you.
You shoot an arrow. The arrow closely misses the phantom.
The phantom hits you.
You shoot an arrow. The arrow hits the phantom!
The phantom is severely damaged.
The phantom barely misses you.
You shoot an arrow.
The arrow hits the phantom but does no damage.
The phantom is severely damaged.
The phantom hits you but does no damage.
You shoot an arrow. The arrow hits the phantom.
The phantom is severely damaged.
The phantom hits you.
You shoot an arrow. The arrow barely misses the phantom.
The phantom hits you.
You shoot an arrow. The arrow hits the phantom.
The phantom is severely damaged.
The phantom hits you.
The phantom blinks!
You blink.
You shoot an arrow.
The arrow hits the phantom but does no damage.
The phantom is severely damaged.
The phantom completely misses you.
You shoot an arrow. The arrow hits the phantom.
The phantom is almost destroyed.
The phantom barely misses you.
You shoot an arrow.
The arrow hits the phantom but does no damage.
The phantom is almost destroyed.
The phantom closely misses you.
You shoot an arrow.
The arrow hits the phantom but does no damage.
The phantom is almost destroyed.
The phantom hits you.
You shoot an arrow. The arrow barely misses the phantom.
The phantom hits you!
You die...

........#...........#.#.# #.
#######.#.....#.#..##.#.########.
.................................
.###..#.#.............#.#########
.+....#.#.....#.#..##.#.#
.###.##.####..#.)..####.#
.'......## #..#...ยค.....#
.###.##).# #..#..#.###..#### .#
#.###.###...<@#.###.....# ## #.#
#.##....W......#.##.#
####.###..##.....#.####.##.#
..........>........####.##.######
###.######.#######.#............#
.##.# #.# #####.#.######.###.#
.##.# #.# #.......# #..##.# .##.#
###.###.###.#.######.....# ###.#
#.............#7~~7##'##..


You could see a phantom.

Vanquished Creatures
  Sigmund (D:2)
  Jessica (D:2)
  Terence (D:2)
  3 gnolls (D:2)
  5 adders
  4 dart slugs
  7 bats
  5 endoplasms
  4 giant cockroaches
  7 hobgoblins
  7 jackals
  7 kobolds
  5 quokkas
  7 ball pythons
  6 goblins
  2 rats (D:1)
72 creatures vanquished.

Notes
Turn   | Place    | Note
-------+----------+-------------------------------------------
     0 | D:1      | qw the Deep Elf Hunter began the quest for the Orb.
     0 | D:1      | Reached XP level 1. HP: 12/12 MP: 3/3
     0 | D:1      | 0 ||| qw: Version: 0.3-a-157-g843a77d
     0 | D:1      | 0 ||| qw: Game counter: 4039
     0 | D:1      | 0 ||| qw: Melee chars always use a shield: true
     0 | D:1      | 0 ||| qw: God list: Okawaru
     0 | D:1      | 0 ||| qw: Allow faded altars: false
     0 | D:1      | 0 ||| qw: Do Orc after clearing Dungeon:15 true
     0 | D:1      | 0 ||| qw: Do second Lair branch before Depths: true
     0 | D:1      | 0 ||| qw: Lair rune preference: random
     0 | D:1      | 0 ||| qw: Goals: Normal
     0 | D:1      | 0 ||| PLANNING D:1-11
    78 | D:1      | Reached skill level 6 in Ranged Weapons
    78 | D:1      | Reached XP level 2. HP: 16/16 MP: 4/4
   629 | D:1      | 629 ||| UPGRADING to +0 ring mail.
   639 | D:1      | 639 ||| DROPPING +0 leather armour.
   640 | D:1      | 640 ||| DROPPING +6 ring of intelligence.
   641 | D:1      | 641 ||| DROPPING ring of magical power.
   642 | D:1      | 642 ||| READING scroll labelled XEIHYMASM.
   643 | D:1      | 643 ||| READING scroll labelled PEANIZ JUMIN.
   643 | D:1      | 643 ||| BRANDING +0 shortbow.
   644 | D:1      | 644 ||| READING scroll labelled RUAFOCZ VURIVVI.
   645 | D:1      | 645 ||| DRINKING 2 puce potions.
   646 | D:1      | 646 ||| DROPPING scroll of butterflies.
   698 | D:2      | Reached XP level 3. HP: 20/20 MP: 5/5
   706 | D:2      | Noticed Terence
   715 | D:2      | Killed Terence
   716 | D:2      | Reached skill level 7 in Ranged Weapons
   869 | D:2      | Reached XP level 4. HP: 25/25 MP: 6/6
   963 | D:2      | Noticed Sigmund
   968 | D:2      | Killed Sigmund
   969 | D:2      | Reached skill level 9 in Ranged Weapons
   969 | D:2      | Reached XP level 5. HP: 18/29 MP: 7/7
  1095 | D:2      | Noticed Jessica
  1101 | D:2      | Killed Jessica
  1103 | D:2      | HP: 6/30 [gnoll/+0 halberd (11)]
  1106 | D:2      | Reached XP level 6. HP: 8/35 MP: 8/8
  1682 | D:2      | 1682 ||| READING 2 scrolls labelled FEQAXZIUCA.
  1682 | D:2      | 1682 ||| IDENTIFYING white potion
  1683 | D:2      | 1683 ||| READING scroll of identify.
  1683 | D:2      | 1683 ||| IDENTIFYING fizzy orange potion
  1684 | D:2      | 1684 ||| READING scroll labelled PEFINO XAMN.
  1785 | D:2      | 1785 ||| DROPPING potion of magic.
  1810 | D:3      | 1810 ||| PLANNING SEWER
  2431 | D:3      | 2431 ||| RIP SEWER
  2462 | D:3      | 2462 ||| PLANNING D:1-11
  2728 | D:3      | Found a shadowy altar of Dithmenos.
  2848 | D:3      | 2848 ||| READING scroll labelled ZIGEYCRAAC.
  2848 | D:3      | 2848 ||| ENCHANTING +0 shortbow of draining.
  2875 | D:4      | 2875 ||| STAIRDANCE
  2891 | D:3      | HP: 5/35 [phantom (5)]
  2896 | D:3      | HP: 4/35 [phantom (2)]
  2897 | D:3      | Slain by a phantom

Levels and vault maps discovered:
D:1:      wander_arrival_estate, layout_loops_ring, kennysheep_nondescript
D:2:      layout_basic, serial_forest, infiniplex_forest_lined_2,
          infiniplex_forest_lined_corner, infiniplex_forest_clump_C,
          infiniplex_forest_end_double, infiniplex_forest_lined_3, uniq_jessica,
          uniq_sigmund, uniq_terence
D:3:      layout_basic, marbit_many_paths, gup_sewer_entry_pipe,
          saegor_snake_ambush
D:4:      layout_basic, jmf_multi_god_temple, ebering_ghost_disaster_area

Skill      XL: |  1  2  3  4  5 |
---------------+----------------+-----
Ranged Weapons | 6 7 9 |  9.9
Fighting       | 2 |  2.0
Dodging        | |  2.4
Stealth        | |  1.2

Action                     |  1- 3 |  4- 6 || total
---------------------------+-------+-------++-------
   Fire: Shortbow          |    79 |   112 ||   191
    Use: Scroll            |     3 |     4 ||     7
         Potion            |     1 |       ||     1
 Armour: Leather armour    |    17 |       ||    17
         Ring mail         |    14 |    30 ||    44
  Dodge: Dodged            |    43 |    24 ||    67

Table legend:
 A = Non-vault XP
 B = Vault XP
 C = Vault XP percentage of total XP
 D = Non-vault monster count
 E = Vault monster count
 F = Vault count percentage of total count
                 A         B        C        D         E       F
            +---------+---------+-------+---------+---------+-------
      Total |     186 |     331 |  64.0 |      62 |      10 |  13.9
            +---------+---------+-------+---------+---------+-------
        D:1 |      32 |       0 |   0.0 |      20 |       0 |   0.0
        D:2 |     109 |     295 |  73.0 |      27 |       3 |  10.0
        D:3 |      45 |      36 |  44.4 |      15 |       7 |  31.8
            +---------+---------+-------+---------+---------+-------
